 Dungeon Crawl Stone Soup version 0.19-a0-1193-g2641e52 (webtiles) character file.

2389 Gorice the Nimble (level 9, 0/52 HPs)
             Began as a Kobold Enchanter on Aug 19, 2016.
             Was an Initiate of Okawaru.
             Killed by divine providence
             ... invoked by an orc priest
              (8 damage)
             ... on level 7 of the Dungeon.
             The game lasted 00:47:13 (11751 turns).

Gorice the Nimble (Kobold Enchanter)               Turns: 11751, Time: 00:47:15

Health: 0/52       AC:  9    Str:  9    XL:     9   Next: 74%
Magic:  12/12      EV: 18    Int: 13    God:    Okawaru [......]
Gold:   362        SH:  0    Dex: 17    Spells: 1 memorised, 11 levels left

rFire  . . .     SeeInvis .     b - +0 hunting sling
rCold  . . .     Gourm    .     o - +1 ring mail
rNeg   . . .     Faith    .     (shield restricted)
rPois  .         Spirit   .     (no helmet)
rElec  .         Dismiss  +     E - +0 cloak
rCorr  .         Reflect  .     y - +1 pair of gloves
MR     .....     Harm     .     (no boots)
Stlth  ++........               N - amulet of dismissal
                                (no ring)
                                I - ring of flight

@: no status effects
A: carnivore 3
a: Renounce Religion, Evoke Flight


You were on level 7 of the Dungeon.
You worshipped Okawaru.
Okawaru was noncommittal.
You were completely stuffed.

You visited 2 branches of the dungeon, and saw 8 of its levels.
You also visited: Sewer.

You collected 362 gold pieces.

Inventory:

Hand Weapons
 a - a +0 long sword
 b - a +0 hunting sling (weapon)
 d - a +2 dagger of holy wrath
   (You took it off Ijyb on level 2 of the Dungeon)
 e - a +1 short sword of speed
   (You took it off Terence on level 2 of the Dungeon)
 u - a +0 short sword of draining
   (You found it on level 2 of the Dungeon)
Missiles
 h - 26 sling bullets (quivered)
 m - 72 poisoned needles
 v - 4 curare-tipped needles
 w - 6 tomahawks
 T - 8 needles of sleeping
 Z - 265 stones
Armour
 o - a +1 ring mail (worn)
 p - a +1 robe
 s - a cursed -2 chain mail
 t - a cursed -1 chain mail
 y - a +1 pair of gloves (worn)
 E - a +0 cloak (worn)
Jewellery
 I - a ring of flight (left hand)
 N - an amulet of dismissal (around neck)
 S - a +4 amulet of reflection
Wands
 g - a wand of heal wounds (0/9) {!d}
 n - a wand of enslavement (0/24)
 H - a wand of flame (16/48)
 R - a wand of slowing (28/48)
Scrolls
 f - 4 scrolls of remove curse
 k - a scroll of enchant armour
 r - 6 scrolls of fog
 z - 6 scrolls of teleportation {!r}
 B - a scroll of fear {!r}
 D - 3 scrolls of noise {!r}
 L - 2 scrolls of amnesia
Potions
 i - 5 potions of curing
 j - 2 potions of brilliance {!q}
 l - 2 potions of might {!q}
 x - a potion of magic {!q}
 A - 2 potions of mutation {unknown}
 F - 2 potions of ambrosia {unknown}
 G - a potion of invisibility {unknown}
 K - a potion of flight {unknown}
 P - a potion of cancellation {unknown}
Books
 c - a book of Maledictions
Comestibles
 q - 3 meat rations {!e}
 C - a royal jelly
 J - a chunk of flesh
 M - a slice of pizza
 O - 2 beef jerkies


   Skills:
 - Level 4.0 Fighting
 - Level 1.3(7.6) Short Blades
 * Level 7.6 Long Blades
 + Level 9.2 Dodging
 - Level 4.0 Stealth
 - Level 2.0 Spellcasting
 - Level 3.0 Hexes


You had 11 spell levels left.
You knew the following spells:

 Your Spells              Type           Power        Failure   Level  Hunger
a - Corona                Hex            #......      21%         1    ##.....


Dungeon Overview and Level Annotations

Branches:
Dungeon (7/15)             Temple (1/1) D:7

Altars:
Ashenzari
Cheibriados
Elyvilon
Fedhas
Gozag
Hepliaklqana
Kikubaaqudgha
Makhleb
Nemelex Xobeh
Okawaru
Qazlal
Ru
Sif Muna
Trog
Vehumet
Xom
Yredelemnul
Zin
The Shining One

Shops:
D:6 *

Annotations:
D:3 vpUX: grinder!, Grinder
D:4 Dowan, Duvessa, Menkaure
D:7 Joseph


Innate Abilities, Weirdness & Mutations

You are small and have problems with some larger weapons.
You are carnivorous and can eat meat at any time.


Message History

The orc wizard seems to speed up.
You hit the orc wizard but do no damage.
The orc wizard is heavily wounded.
The orc wizard hits you but does no damage.
The orc wizard casts a spell.
The orc wizard blinks!
Throwing (i - inventory. (,) - cycle):
w - 7 tomahawks (quivered)
Press: ? - help, Shift-Dir - straight line, f/p - orc wizard
Aim: an orc wizard, wielding a dagger of speed and wearing a robe (heavily wounded, fast)
You throw a tomahawk. The tomahawk hits the orc wizard.
The orc wizard is heavily wounded.
The orc wizard gestures wildly while chanting.
The orc wizard blinks!
Throwing (i - inventory. (,) - cycle):
w - 6 tomahawks (quivered)
Press: ? - help, Shift-Dir - straight line, f/p - orc wizard
Aim: an orc wizard, wielding a dagger of speed and wearing a robe (heavily wounded, fast)
You throw a tomahawk.
The tomahawk hits the orc wizard but does no damage.
The orc wizard is heavily wounded.
The orc wizard gestures at you while chanting.
You feel yourself slow down.
You hit the orc wizard.
The orc wizard is severely wounded.
The orc wizard gestures at you while chanting.
The magic dart hits you!
* * * LOW HITPOINT WARNING * * *
Your amulet of dismissal vibrates suddenly!
The orc wizard disappears!
Damage: 7 (max 7)
w - 6 tomahawks (gained 1)
You start resting.
Eating one of 2 chunks of flesh.
You start eating one of the 2 chunks of flesh.
You continue eating. x2
You finish eating.
This raw flesh tastes great.
b - a +0 hunting sling (weapon)
Firing (i - inventory. (,) - cycle):
h - 28 sling bullets (quivered)
Press: ? - help, Shift-Dir - straight line, f - orc priest
Aim: an orc priest, wearing a ring mail (heavily wounded)
You shoot a sling bullet.
The sling bullet closely misses the orc priest.
Firing (i - inventory. (,) - cycle):
h - 27 sling bullets (quivered)
Press: ? - help, Shift-Dir - straight line, f/p - orc priest
Aim: an orc priest, wearing a ring mail (heavily wounded)
You shoot a sling bullet.
The sling bullet hits the orc priest but does no damage.
The orc priest is heavily wounded.
You feel yourself speed up.
The orc priest calls down the wrath of Beogh upon you.
Beogh smites you!
You die...

#### ##+########
#..(.###...##....#
#...........'....###########
#.........(.)...............
#.....##...(#)...#######....
#.o.. ####o#o...# #.... #...
#.#....# #.... #.. #.#....#
#.### ## #@#....#######>...
#.#...........#...
#.#...........+...
#.#...........#...
#.#...........#### #.
#.#####......##.#.
#..###.#####......+..#.
#.....................
#####.#####......####.


You could see an orc priest.

Vanquished Creatures
  Eustachio (D:6)
  Edmund (D:6)
  An ice beast (D:5)
  An orc warrior (D:6)
  A sky beast (D:5)
  A wasp (D:7)
  2 ogres
  2 centaurs (D:6)
  Blork the orc (D:6)
  3 giant frogs
  A scorpion (D:6)
  2 howler monkeys
  4 crimson imps
  A hound (D:5)
  3 orc priests
  3 centaur skeletons
  Crazy Yiuf (D:4)
  3 giant frog skeletons
  Jessica (D:3)
  Ijyb (D:2)
  Natasha (thrice) (D:2)
  3 orc wizards
  2 worker ants
  Terence (D:2)
  A hound skeleton (D:4)
  14 adders
  3 river rats (Sewer)
  3 shadow imps
  4 oozes
  5 worms
  2 dart slugs
  6 giant geckos
  20 orcs
  12 ball pythons
  5 giant cockroaches
  6 goblins
  2 hobgoblins
  3 jackals (D:1)
  A quokka (D:5)
  8 bats
  A giant gecko zombie (D:5)
  11 giant newts
  7 kobolds
  24 rats
181 creatures vanquished.

Vanquished Creatures (collateral kills)
  A rat (Sewer)
1 creature vanquished.

Vanquished Creatures (others)
  A centaur (D:4)
  A hound (D:2)
2 creatures vanquished.

Grand Total: 184 creatures vanquished

Notes
Turn   | Place    | Note
-------+----------+-------------------------------------------
     0 | D:1      | Gorice the Kobold Enchanter began the quest for the Orb.
     0 | D:1      | Reached XP level 1. HP: 10/10 MP: 3/3
   229 | D:1      | Reached XP level 2. HP: 16/16 MP: 3/5
   237 | D:1      | Reached skill level 3 in Dodging
   278 | D:1      | Reached skill level 1 in Fighting
   751 | D:1      | Reached XP level 3. HP: 12/20 MP: 4/6
  1380 | D:2      | Reached skill level 2 in Fighting
  1732 | D:2      | HP: 6/21 [adder (2)]
  1735 | D:2      | Reached skill level 4 in Dodging
  1735 | D:2      | Reached XP level 4. HP: 15/26 MP: 3/7
  1737 | D:2      | HP: 13/58 [poisoned by an adder]
  1742 | D:2      | HP: 6/39 [poisoned by an adder]
  1748 | D:2      | HP: 4/39 [poisoned by an adder]
  1753 | D:2      | HP: 3/39 [poisoned by an adder]
  2126 | D:2      | Noticed Natasha
  2129 | D:2      | Killed Natasha
  2133 | D:2      | Noticed Terence
  2254 | D:2      | Noticed Natasha
  2379 | D:2      | Noticed Ijyb
  2404 | D:2      | Killed Ijyb
  2404 | D:2      | Reached skill level 3 in Fighting
  2404 | D:2      | Reached XP level 5. HP: 27/32 MP: 8/8
  2505 | D:2      | HP: 9/32 [white imp/puff of frost[Natasha] (7)]
  2506 | D:2      | HP: 4/32 [Natasha (2)]
  2509 | D:2      | Killed Natasha
  2917 | D:2      | Killed Terence
  2917 | D:2      | Reached skill level 5 in Dodging
  3054 | D:2      | Noticed Natasha
  3065 | D:2      | Killed Natasha
  3210 | D:2      | Reached XP level 6. HP: 38/38 MP: 7/9
  3328 | D:3      | Reached skill level 4 in Fighting
  3350 | D:3      | Found a hazy altar of Hepliaklqana.
  3356 | D:3      | Noticed Grinder
  3544 | D:3      | Reached skill level 1 in Long Blades
  4328 | D:3      | Noticed Jessica
  4334 | D:3      | Killed Jessica
  4334 | D:3      | Reached skill level 2 in Long Blades
  4387 | D:3      | Paralysed by Grinder for 7 turns
  4399 | D:3      | Paralysed by Grinder for 7 turns
  4645 | D:3      | HP: 11/38 [worker ant (5)]
  4650 | D:3      | Reached XP level 7. HP: 38/43 MP: 8/10
  4927 | D:4      | Noticed Duvessa
  4952 | D:4      | HP: 10/43 [ogre/giant spiked club (18)]
  4955 | D:4      | Reached skill level 6 in Dodging
  5081 | D:4      | Reached skill level 3 in Long Blades
  5157 | D:4      | Found a glowing drain.
  5158 | D:4      | Noticed Menkaure
  5166 | Sewer    | Entered a sewer
  5609 | Sewer    | HP: 10/43 [river rat (3)]
  5619 | Sewer    | HP: 10/64 [river rat (3)]
  6738 | Sewer    | Reached skill level 4 in Long Blades
  6738 | Sewer    | Reached XP level 8. HP: 48/48 MP: 11/11
  7072 | D:4      | Noticed Dowan
  7122 | D:4      | Found a runed door.
  7126 | D:4      | Noticed Crazy Yiuf
  7150 | D:4      | Killed Crazy Yiuf
  7360 | D:5      | Entered Level 5 of the Dungeon
  7376 | D:5      | Reached skill level 7 in Dodging
  7515 | D:5      | Reached skill level 5 in Long Blades
  8497 | D:6      | Found Worrom's Assorted Antiques.
  8499 | D:6      | Noticed Blork the orc
  8550 | D:6      | Killed Blork the orc
  8856 | D:6      | Noticed Eustachio
  8938 | D:6      | Killed Eustachio
  8938 | D:6      | Reached skill level 6 in Long Blades
  8938 | D:6      | Reached skill level 8 in Dodging
  8938 | D:6      | Reached XP level 9. HP: 52/52 MP: 10/12
  9448 | D:6      | Noticed Edmund
  9592 | D:6      | Killed Edmund
  9592 | D:6      | Reached skill level 7 in Long Blades
  9649 | D:6      | HP: 14/52 [orc warrior/flail of crushing (11)]
  9973 | D:6      | Reached skill level 9 in Dodging
 10547 | D:7      | Found a white marble altar of Elyvilon.
 10547 | D:7      | Found a glowing silver altar of Zin.
 10548 | D:7      | Found a glowing golden altar of the Shining One.
 10579 | D:7      | Found a staircase to the Ecumenical Temple.
 10588 | Temple   | Entered the Ecumenical Temple
 10649 | Temple   | Became a worshipper of Warmaster Okawaru
 10710 | D:7      | Found a deep blue altar of Sif Muna.
 11005 | D:7      | Noticed Joseph
 11029 | D:7      | HP: 11/52 [Joseph/sling bullet (11)]
 11032 | D:7      | HP: 5/52 [Joseph/uncursed quarterstaff of speed (8)]
 11718 | D:7      | HP: 8/52 [orc priest/divine providence (13)]
 11724 | D:7      | HP: 10/52 [orc priest/nerve-wracking pain (6)]
 11738 | D:7      | HP: 5/52 [orc wizard/magic dart (7)]
 11751 | D:7      | Killed from afar by an orc priest

Vault maps used:
D:1:      minmay_arrival_jagged
D:2:      uniq_terence, uniq_natasha, uniq_iyjb
D:3:      old_standard_altar, first_bread, kennysheep_donut, uniq_grinder,
          uniq_jessica
D:4:      minmay_wonky_spiral, portal_sewer_entry_b, hangedman_decor_riveting,
          uniq_duvessa, uniq_crazy_yiuf_cottage, uniq_menkaure
D:5:      serial_bayou_crossing
D:6:      serial_shops, shop_statue, uniq_edmund, uniq_blork_the_orc,
          uniq_eustachio
D:7:      good_gods_temple_1, nicolae_overflow_crystal_walls,
          lemuel_round_altar, uniq_joseph
Temple:   eino_temple_water
Sewer:    sewer_minmay_w

Skill      XL: |  1  2  3  4  5  6  7  8  9 |
---------------+----------------------------+-----
Dodging        | 3 4 5 6 8 9 |  9.2
Fighting       | 1 2 3 4 |  4.0
Long Blades    | 2 4 6 7 |  7.6
Short Blades   | |  1.3
Stealth        | |  4.0
Spellcasting   | |  2.0
Hexes          | |  3.0

Action                   |  1- 3 |  4- 6 |  7- 9 || total
-------------------------+-------+-------+-------++-------
Melee: Dagger            |   132 |    13 |     8 ||   153
       Short sword       |     8 |   140 |   641 ||   789
       Long sword        |       |       |   225 ||   225
 Fire: Hunting sling     |     2 |    38 |    68 ||   108
Throw: Stone             |     8 |       |       ||     8
       Tomahawk          |       |       |     4 ||     4
 Cast: Corona            |    27 |    26 |    64 ||   117
Evoke: Wand              |       |       |     7 ||     7
  Use: Potion            |     2 |     2 |     6 ||    10
       Scroll            |       |     9 |     9 ||    18
 Stab: Sleeping          |     2 |     4 |     6 ||    12
       Distracted        |       |       |     2 ||     2
  Eat: Chunk             |    12 |    10 |    27 ||    49
Armor: Robe              |    23 |     1 |       ||    24
       Skin              |     1 |       |     1 ||     2
       Ring mail         |       |    32 |   162 ||   194
Dodge: Dodged            |   131 |   110 |   533 ||   774

Table legend:
 A = Turns spent in this place as a percentage of turns spent in the entire game.
 B = Non-inter-level travel turns spent in this place as a percentage of non-inter-level travel turns spent in the entire game.
 C = Inter-level travel turns spent in this place as a percentage of turns spent in this place.
 D = Turns resting spent in this place as a percentage of non-inter-level travel turns spent in this place.
 E = Turns spent auto-exploring this place as a percentage of non-inter-level travel turns spent in this place.
 F = Non-inter-level travel turns spent in this place divided by the number of levels of this place that you've seen.
                   A       B       C       D       E      F
               +-------+-------+-------+-------+-------+----------------------
         Total | 100.0 | 100.0 |   0.4 |   3.3 |   3.1 | 500.0
       Dungeon |  80.9 |  80.9 |   0.4 |   3.4 |   3.7 | 520.0
        Temple |   1.4 |   1.4 |   1.6 |   0.0 |   0.0 |  63.0
         Sewer |  17.6 |  17.7 |   0.0 |   3.1 |   0.3 | 797.0
               +-------+-------+-------+-------+-------+----------------------

Vault maps used:
D:1:      minmay_arrival_jagged
D:2:      uniq_terence, uniq_natasha, uniq_iyjb
D:3:      old_standard_altar, first_bread, kennysheep_donut, uniq_grinder,
          uniq_jessica
D:4:      minmay_wonky_spiral, portal_sewer_entry_b, hangedman_decor_riveting,
          uniq_duvessa, uniq_crazy_yiuf_cottage, uniq_menkaure
D:5:      serial_bayou_crossing
D:6:      serial_shops, shop_statue, uniq_edmund, uniq_blork_the_orc,
          uniq_eustachio
D:7:      good_gods_temple_1, nicolae_overflow_crystal_walls,
          lemuel_round_altar, uniq_joseph
Temple:   eino_temple_water
Sewer:    sewer_minmay_w
